 Dungeon Crawl Stone Soup version 0.21-a0-278-ga722497 (webtiles) character file.

8663 motkurip the Spear-Bearer (level 11, 0/87 HPs)
             Began as a Merfolk Skald on Sept 21, 2017.
             Was a Believer of Makhleb.
             Slain by a porcupine (3 damage)
             ... on level 1 of the Lair of Beasts.
             The game lasted 00:34:49 (5878 turns).

motkurip the Spear-Bearer (Merfolk Skald)           Turns: 5878, Time: 00:34:50

Health: 0/87       AC:  2    Str: 12    XL:     11   Next: 34%
Magic:  7/14       EV:  2    Int: 13    God:    Makhleb [**....]
Gold:   528        SH:  0    Dex: 19    Spells: 5/14 levels left

rFire    + . .     SeeInvis .   I - +7 spear of Fenof {vamp, *Corrode rF+ rC+ Dex+3}
rCold    + + .     Gourm    .   (no shield)
rNeg     + + +     Faith    .   o - +1 leather armour {rC+}
rPois    ∞         Spirit   .   E - +0 helmet
rElec    .         Reflect  .   (no cloak)
rCorr    .         Harm     .   (no gloves)
MR       .....                  (no boots)
Stlth    +.........             D - amulet of rage
HPRegen  1.24/turn              u - ring of wizardry
MPRegen  0.14/turn              S - +1 ring of protection

@: petrified, corroded, regenerating (expiring)
A: change form in water, swift swim, stealthy swim
a: Minor Destruction, Renounce Religion, Evoke Berserk Rage


You were on level 1 of the Lair of Beasts.
You worshipped Makhleb.
Makhleb was pleased with you.
You were not hungry.

You visited 3 branches of the dungeon, and saw 11 of its levels.
You also visited: Sewer and Ossuary.

You collected 528 gold pieces.

Inventory:

Hand Weapons
 a - a +0 spear
 I - the +7 spear of Fenof (weapon) {vamp, *Corrode rF+ rC+ Dex+3}
   (You found it on level 4 of the Dungeon)

   It inflicts no extra harm, but heals its wielder when it wounds a living foe.
   It affects your dexterity (+3).
   It protects you from fire.
   It protects you from cold.
   It may corrode you when you take damage.
 O - a +0 trident
 T - a +3 halberd
Armour
 b - a +0 leather armour
 l - a +0 robe
 o - a +1 leather armour of cold resistance (worn)
 E - a +0 helmet (worn)
 P - a +0 shield
Jewellery
 u - a ring of wizardry (left hand)
 D - an amulet of rage (around neck)
 S - a +1 ring of protection (right hand)
Wands
 f - a wand of flame (28/48)
 x - a wand of acid (5/15)
 A - a wand of paralysis (8/24)
 G - a wand of scattershot (2/9)
 K - a wand of paralysis (15/24)
 L - a wand of clouds (6/9)
 N - a wand of polymorph (6/24)
Scrolls
 e - 4 scrolls of magic mapping {unknown}
 h - 5 scrolls of teleportation
 i - 2 scrolls of recharging
 k - 3 scrolls of enchant armour {unknown}
 p - 6 scrolls of remove curse
 s - a scroll of immolation {unknown}
 v - 2 scrolls of enchant weapon {unknown}
 w - 2 scrolls of noise {unknown}
 y - a scroll of acquirement {unknown}
 C - a scroll of blinking {unknown}
 F - a scroll of fear {unknown}
 H - a scroll of identify
Potions
 g - 4 potions of haste
 j - 2 potions of degeneration {unknown}
 m - 4 potions of curing {unknown}
 q - a potion of ambrosia {unknown}
 r - a potion of berserk rage
 t - 4 potions of mutation {unknown}
 z - 3 potions of brilliance {unknown}
 J - a potion of flight {unknown}
 M - a potion of experience {unknown}
 Q - a potion of might
 R - a potion of lignification {unknown}
Books
 c - a book of Battle

   Spells                             Type                      Level
   a - Infusion                       Charms                       1
   b - Shroud of Golubria             Charms/Translocation         2
   c - Song of Slaying                Charms                       2
   d - Spectral Weapon                Hexes/Charms                 3
   e - Regeneration                   Charms/Necromancy            3
Comestibles
 d - 6 bread rations
 n - 5 meat rations
 B - 2 royal jellies


   Skills:
 + Level 8.7 Fighting
 + Level 12.6 Polearms
 - Level 0.6 Armour
 * Level 10.1 Dodging
 + Level 2.1 Spellcasting
 - Level 4.3 Hexes
 + Level 7.3 Charms
 - Level 4.0 Necromancy
 - Level 5.2 Invocations


You had 5 spell levels left.
You knew the following spells:

 Your Spells              Type           Power        Failure   Level  Hunger
a - Infusion              Chrm           ###.         1%          1    ##.....
b - Shroud of Golubria    Chrm/Tloc      ##........   4%          2    ###....
c - Spectral Weapon       Hex/Chrm       ###.....     3%          3    ####...
r - Regeneration          Chrm/Necr      ###.......   3%          3    ####...


Dungeon Overview and Level Annotations

Branches:
Dungeon (9/15)             Temple (1/1) D:6            Lair (1/6) D:9
    Orc: D:9-12

Altars:
Ashenzari
Dithmenos
Fedhas
Gozag
Hepliaklqana
Makhleb
Nemelex Xobeh
Ru
Sif Muna
Wu Jian
Xom
Yredelemnul


Message History

The yak gores you! x2; The basilisk bites you!
The porcupine bites you! The yak gores you! The yak gores you.
The basilisk bites you!
Your corrosive artefact corrodes you!
Your skin is crawling a little less now.
The porcupine bites you. The yak gores you. The yak gores you!
* * * LOW HITPOINT WARNING * * *
The basilisk bites you!
* * * LOW HITPOINT WARNING * * *
The porcupine bites you!
* * * LOW HITPOINT WARNING * * *
The yak snorts and paws the ground.
The yak gores you!
* * * LOW HITPOINT WARNING * * *
The yak gores you!
* * * LOW HITPOINT WARNING * * *
The porcupine bites you.
* * * LOW HITPOINT WARNING * * *
The basilisk bites you. The porcupine bites you!
You die...

##....l. ......
...... #....
#...#
####...####
..#.........##.
#......l......#
###....@Y....##
####r.Y.#.#.#
#....# # #....#
#....# #.....
#...#..
###...##


You could see 2 yaks, a basilisk and a porcupine.

Vanquished Creatures
  A phantasmal warrior (D:9)
  Pikel (D:4)
  2 freezing wraiths (D:9)
  3 polar bears (D:8)
  A troll (D:9)
  A wyvern (D:8)
  Eustachio (D:6)
  4 hogs (D:7)
  8 yaks (D:9)
  A human (D:7)
  A hungry ghost (D:7)
  A water moccasin (Lair:1)
  2 hell hounds (D:9)
  A porcupine (Lair:1)
  5 ice beasts
  2 orc warriors (D:6)
  A sky beast (D:6)
  2 wolves (D:8)
  2 phantoms
  3 centaurs
  An ogre (D:7)
  A crocodile (Sewer)
  Blork the orc (D:5)
  A big kobold (D:9)
  3 bullfrogs
  A gnoll sergeant (D:9)
  A scorpion (D:4)
  5 killer bees (D:7)
  4 wights (D:8)
  A howler monkey (D:6)
  An electric eel (D:8)
  2 crimson imps
  3 centaur zombies
  2 quasits
  5 jellies
  A bullfrog zombie (D:8)
  A gnoll shaman (D:8)
  3 orc wizards
  A human zombie (Ossuary)
  2 hounds
  2 orc priests
  2 iguanas
  4 worker ants
  A killer bee zombie (D:5)
  3 big kobold zombies (Ossuary)
  2 hound zombies
  A hound skeleton (D:9)
  4 mummies
  A worker ant zombie (D:7)
  A howler monkey zombie (D:6)
  11 gnolls
  9 adders
  2 shadow imps
  6 white imps (D:8)
  A worker ant simulacrum (D:8)
  2 ufetubi (D:8)
  An adder skeleton (D:7)
  A worm (D:6)
  2 adder simulacra (D:8)
  A dart slug (D:3)
  9 leopard geckos
  21 orcs
  3 ball pythons
  7 giant cockroaches
  3 gnoll zombies (Ossuary)
  5 goblins
  5 hobgoblins
  5 jackals
  6 quokkas
  15 bats
  2 goblin zombies (Ossuary)
  7 hobgoblin zombies
  5 jackal zombies (Ossuary)
  9 kobolds
  3 kobold zombies (Ossuary)
  A leopard gecko skeleton (D:6)
  2 quokka skeletons
  2 quokka zombies (Ossuary)
  9 rats
  4 rat zombies (Ossuary)
263 creatures vanquished.

Vanquished Creatures (others)
  A centaur (D:5)
  An adder skeleton (D:4)
  A quokka (D:5)
  10 spectral weapons
13 creatures vanquished.

Grand Total: 276 creatures vanquished

Notes
Turn   | Place    | Note
-------+----------+-------------------------------------------
     0 | D:1      | motkurip the Merfolk Skald began the quest for the Orb.
     0 | D:1      | Reached XP level 1. HP: 16/16 MP: 3/3
   124 | D:1      | Reached skill level 4 in Polearms
   124 | D:1      | Reached XP level 2. HP: 7/22 MP: 0/5
   128 | D:1      | Learned a level 2 spell: Shroud of Golubria
   315 | D:2      | Found a sparkling altar of Nemelex Xobeh.
   434 | D:2      | Found a basalt altar of Yredelemnul.
   439 | D:2      | Found an ornate altar of the Wu Jian Council.
   483 | D:2      | Reached skill level 5 in Polearms
   483 | D:2      | Reached XP level 3. HP: 20/27 MP: 3/6
   502 | D:2      | Learned a level 3 spell: Spectral Weapon
   682 | D:3      | Reached skill level 1 in Hexes
   705 | D:3      | Found a deep blue altar of Sif Muna.
   781 | D:3      | Found a glowing drain.
   795 | D:3      | Reached XP level 4. HP: 26/33 MP: 0/7
   817 | Sewer    | Entered a sewer
   847 | Sewer    | Noticed a crocodile
   871 | Sewer    | Killed a crocodile
   871 | Sewer    | Reached XP level 5. HP: 11/38 MP: 1/8
   966 | D:3      | Found a sacrificial altar of Ru.
  1217 | D:4      | Found a blossoming altar of Fedhas.
  1271 | D:4      | Noticed a phantom
  1284 | D:4      | Killed a phantom
  1284 | D:4      | Reached skill level 6 in Polearms
  1284 | D:4      | Reached XP level 6. HP: 41/44 MP: 1/9
  1309 | D:5      | Entered Level 5 of the Dungeon
  1405 | D:5      | Reached skill level 7 in Polearms
  1465 | D:5      | Noticed Blork the orc
  1479 | D:5      | Killed Blork the orc
  1501 | D:5      | Learned a level 3 spell: Regeneration
  1544 | D:5      | Reached XP level 7. HP: 36/51 MP: 3/10
  1676 | D:5      | Found a sand-covered staircase.
  1686 | Ossuary  | Entered an ossuary
  1928 | Ossuary  | Reached skill level 8 in Polearms
  2095 | D:5      | Found a shimmering altar of Xom.
  2115 | D:5      | Found a shimmering altar of Xom.
  2189 | D:6      | Noticed Eustachio
  2204 | D:6      | Killed Eustachio
  2204 | D:6      | Reached XP level 8. HP: 45/59 MP: 8/11
  2229 | D:6      | Reached skill level 9 in Polearms
  2407 | D:6      | Reached skill level 5 in Dodging
  2470 | D:6      | Reached skill level 5 in Charms
  2635 | D:6      | Reached skill level 10 in Polearms
  2688 | D:6      | Found a shadowy altar of Dithmenos.
  2874 | D:7      | Found a sparkling altar of Nemelex Xobeh.
  2896 | D:7      | Reached skill level 5 in Fighting
  2896 | D:7      | Reached XP level 9. HP: 59/68 MP: 3/12
  2959 | D:7      | Reached skill level 11 in Polearms
  2966 | D:7      | Found a hazy altar of Hepliaklqana.
  3286 | D:7      | Reached skill level 12 in Polearms
  3503 | D:4      | Noticed Pikel
  3530 | D:4      | Killed Pikel
  3530 | D:4      | Reached XP level 10. HP: 64/77 MP: 8/13
  3822 | D:4      | Got a transparent spear
  3826 | D:4      | Identified the +7 spear of Fenof {vamp, *Corrode rF+ rC+ Dex+3} (You found it on level 4 of the Dungeon)
  3904 | D:3      | Found a shattered altar of Ashenzari.
  4171 | D:6      | Found a staircase to the Ecumenical Temple.
  4177 | Temple   | Entered the Ecumenical Temple
  4191 | Temple   | Became a worshipper of Makhleb the Destroyer
  4375 | D:8      | Reached skill level 1 in Invocations
  4472 | D:9      | Reached skill level 1 in Necromancy
  4492 | D:9      | Noticed a death knight
  4493 | D:9      | Noticed a skeletal warrior
  4493 | D:9      | Noticed a phantasmal warrior
  4872 | D:9      | Reached * piety under Makhleb
  4922 | D:9      | Found a sacrificial altar of Ru.
  4963 | D:9      | Found a staircase to the Lair.
  5217 | D:9      | Reached XP level 11. HP: 64/86 MP: 6/14
  5259 | D:9      | Killed a phantasmal warrior
  5430 | D:8      | Reached skill level 5 in Invocations
  5490 | D:8      | Reached ** piety under Makhleb
  5712 | D:8      | Reached skill level 10 in Dodging
  5842 | Lair:1   | Entered Level 1 of the Lair of Beasts
  5877 | Lair:1   | HP: 2/87 [yak (8)]
  5878 | Lair:1   | Slain by a porcupine

Vault maps used:
D:1:      sevenhm_arrival_forest_fort_large_2, serial_co_window_serial,
          co_window_paths_a, co_window_paths_a, co_window_paths_b,
          co_window_of_opportunity_a, co_window_paths_a, co_window_corner_a,
          co_window_paths_b, co_window_corner_ca, co_window_broadway_c,
          co_window_of_opportunity_b, co_window_of_opportunity_c,
          co_window_of_opportunity_b, co_window_unsneaky_path_d,
          co_window_4corner_b, glass_columns_a, glass_columns_a,
          glass_columns_a, glass_columns_a, glass_columns_c,
          corexii_leaking_fountain
D:2:      overflow_temple_1_default, nemelex_xobeh_ov_fountains_minmay,
          gammafunk_temple_overflow_pools, kennysheep_generic_room_14
D:3:      nicolae_overflow_crystal_walls, led_sif_pool, marbit_many_paths,
          first_bread, serial_forest, infiniplex_forest_fountain,
          infiniplex_forest_diagonal, infiniplex_forest_side_room,
          infiniplex_forest_lined_room_3, infiniplex_forest_lined_room_3,
          infiniplex_forest_end_1, infiniplex_forest_end_3,
          infiniplex_forest_end_2, portal_sewer_entry_f
D:4:      kennysheep_mini_moat, uniq_pikel
D:5:      kennysheep_little_box, nicolae_ossuary_entry_giza, grunt_ministairs_4,
          xom_confusion_cloud, uniq_blork_the_orc
D:6:      grunt_dithmenos_shadows, minmay_temple_entry_enclosed_plants,
          uniq_eustachio
D:7:      old_standard_altar, basic_altar, grunt_ministairs_13,
          minmay_misc_feat_five, grunt_livestock
D:8:      serial_ice, serial_ice_c, serial_ice_l, serial_ice_g, serial_ice_a,
          serial_ice_b, serial_ice_h, serial_ice_m, serial_ice_f, uniq_psyche
D:9:      minmay_lair_entry_lava, kennysheep_orc_monster_closet_entryway,
          nicolae_ru_sacrificial_ziggurat
Temple:   jpeg_temple_clearing
Lair:1:   uniq_gastronok, uniq_sonja
Sewer:    sewer_big_baddie
Ossuary:  minmay_ossuary_two_tombs

Skill      XL: |  1  2  3  4  5  6  7  8  9 10 11 |
---------------+----------------------------------+-----
Polearms       | 4 5 6 7 8 10 12 | 12.6
Hexes          | 2 3 4 |  4.3
Dodging        | 3 4 5 7 9 10 | 10.1
Fighting       | 3 5 6 8 |  8.7
Charms         | 4 5 7 |  7.3
Invocations    | 4 5 |  5.2
Necromancy     | 3 4 |  4.0
Armour         | |  0.6
Spellcasting   | |  2.1

Action                   |  1- 3 |  4- 6 |  7- 9 | 10-12 || total
-------------------------+-------+-------+-------+-------++-------
Melee: Spear             |   148 |   118 |   496 |   321 ||  1083
       Tailslap          |       |     4 |       |       ||     4
 Cast: Infusion          |     1 |       |       |       ||     1
       Shroud of Golubri |     6 |     6 |     5 |     6 ||    23
       Spectral Weapon   |     3 |    12 |    39 |    32 ||    86
       Regeneration      |       |     2 |    15 |    17 ||    34
Evoke: Wand              |       |       |    10 |       ||    10
  Use: Scroll            |       |     4 |     2 |       ||     6
       Potion            |       |     1 |     1 |       ||     2
 Stab: Sleeping          |     8 |     2 |     3 |     2 ||    15
       Distracted        |       |     3 |     9 |     4 ||    16
       Paralysed         |       |       |     9 |       ||     9
  Eat: Chunk             |       |     6 |     9 |    12 ||    27
       Bread ration      |       |       |     1 |       ||     1
       Fruit             |       |       |     1 |       ||     1
       Royal jelly       |       |       |       |     4 ||     4
Armor: Leather armour    |    24 |    16 |    53 |    20 ||   113
       Robe              |     6 |       |       |       ||     6
Dodge: Dodged            |    87 |    53 |   181 |   120 ||   441

Table legend:
 A = Spawn XP
 B = Non-spawn XP
 C = Spawn XP percentage of total XP
 D = Spawn monster count
 E = Non-spawn monster count
 F = Spawn count percentage of total count
 G = Total turns spent on level
                    A         B        C        D         E        F      G
               +---------+---------+-------+---------+---------+-------+---------
         Total |       0 |   12376 |   0.0 |       0 |     263 |   0.0 |  5878
               +---------+---------+-------+---------+---------+-------+---------
           D:1 |       0 |      18 |   0.0 |       0 |       9 |   0.0 |   315
           D:2 |       0 |      20 |   0.0 |       0 |      14 |   0.0 |   221
           D:3 |       0 |      69 |   0.0 |       0 |      30 |   0.0 |   514
           D:4 |       0 |     930 |   0.0 |       0 |      13 |   0.0 |   625
           D:5 |       0 |     338 |   0.0 |       0 |      23 |   0.0 |   701
           D:6 |       0 |    1356 |   0.0 |       0 |      23 |   0.0 |   827
           D:7 |       0 |    1971 |   0.0 |       0 |      29 |   0.0 |   581
           D:8 |       0 |    2676 |   0.0 |       0 |      42 |   0.0 |   810
           D:9 |       0 |    4294 |   0.0 |       0 |      38 |   0.0 |   762
        Lair:1 |       0 |     283 |   0.0 |       0 |       2 |   0.0 |    21
         Sewer |       0 |     108 |   0.0 |       0 |       6 |   0.0 |   117
       Ossuary |       0 |     313 |   0.0 |       0 |      34 |   0.0 |   355
               +---------+---------+-------+---------+---------+-------+---------
